[Event "Titled Tuesday Blitz March 22 Early 2022"]
[White "Horcajuelo Rocamora, Martin"]
[Black "Petrova, Irina"]
[WhiteFideId "24573027"]
[BlackFideId "14124122"]
[WhiteElo "1706"]
[BlackElo "1993"]
[Result "0-1"]
[Round "03"]
[TimeControl "180+1"]
[Date "2022.03.22"]
[WhiteClock "0:00:28"]
[BlackClock "0:00:23"]

1. e4 d6 2. d4 Nf6 3. Nc3 e5 4. Nf3 Nbd7 5. Bc4 Be7 6. O-O O-O 7. h3 c6 8. Be3 b5 9. Bb3 b4 10. Na4 Nxe4 11. dxe5 dxe5 12. Qd3 Nef6 13. Nd2 Qc7 14. Rfd1 a5 15. Ne4 Ba6 16. Nxf6+ Nxf6 17. Qf5 c5 18. c4 Rad8 19. Bg5 Bc8 20. Qf3 e4 21. Qe2 Rfe8 22. Bc2 Bf5 23. Be3 Bg6 24. Rac1 Bh5 25. g4 Bg6 26. h4 h5 27. g5 Ng4 28. f4 exf3 29. Qxf3 Qh2+ 30. Kf1 Rxd1+ 31. Bxd1 Bf8 32. Bf4 Bd3+ 33. Qxd3 Qf2# 0-1


[Site "https://www.chess.com"]

[Event "Titled Tuesday Blitz March 22 Early 2022"]
[White "Ianov, Viktor"]
[Black "Chyngyz, Sultai"]
[WhiteFideId "14102730"]
[BlackFideId "13803158"]
[WhiteElo "2161"]
[BlackElo "1365"]
[Result "1-0"]
[Round "03"]
[TimeControl "180+1"]
[Date "2022.03.22"]
[WhiteClock "0:02:41"]
[BlackClock "0:02:36"]

1. Nf3 Nf6 2. g3 g6 3. b3 Bg7 4. Bb2 O-O 5. Bg2 d6 6. d4 Nc6 7. O-O Bf5 8. c4 Nd7 9. Nh4 e6 10. e4 g5 11. exf5 gxh4 12. fxe6 fxe6 13. Na3 Qg5 14. Nc2 e5 15. d5 Nb6 16. dxc6 1-0


[Site "https://www.chess.com"]

[Event "Titled Tuesday Blitz March 22 Early 2022"]
[White "Ismayil, Malak"]
[Black "Prohorov, Olexandr"]
[WhiteFideId "13412604"]
[BlackFideId "14105578"]
[WhiteElo "1879"]
[BlackElo "1993"]
[Result "0-1"]
[Round "03"]
[TimeControl "180+1"]
[Date "2022.03.22"]
[WhiteClock "0:00:07"]
[BlackClock "0:00:07"]

1. e4 c5 2. Nf3 e6 3. Be2 Nc6 4. O-O Nf6 5. d3 d6 6. Bg5 Be7 7. Nbd2 O-O 8. c3 Rb8 9. Rc1 b6 10. d4 cxd4 11. cxd4 Bb7 12. a3 d5 13. e5 Ne4 14. Bxe7 Qxe7 15. Bb5 Rbc8 16. Qe2 Ng5 17. Rc3 f5 18. exf6 Nxf3+ 19. Nxf3 Qxf6 20. Bxc6 Rxc6 21. Rxc6 Bxc6 22. Ne5 Be8 23. h3 Qf4 24. Rd1 h6 25. Qe3 Bh5 26. Rc1 Qe4 27. Qxe4 dxe4 28. Rc7 Rd8 29. Nc6 Rd6 30. g4 Be8 31. Nxa7 Rxd4 32. Rc8 Kf7 33. Rc7+ Kf6 34. Nc8 Rd1+ 35. Kg2 Rd2 36. Kg3 Rxb2 37. Nd6 Bg6 38. h4 Rb3+ 39. Kh2 Rxa3 40. h5 Bh7 41. Ne8+ Ke5 42. Rxg7 Rf3 43. Rxh7 Rf8 44. Nc7 Rxf2+ 45. Kg3 Rc2 46. Nb5 Rc5 47. Na3 Rc3+ 48. Kh4 Rxa3 49. Rh8 e3 50. Rc8 e2 51. Rc1 Ke4 52. g5 hxg5+ 53. Kxg5 Ra5+ 54. Kg6 Ke3 55. h6 Ra8 56. Kg7 Kd2 57. Rb1 e1=Q 58. Rxe1 Kxe1 0-1


[Site "https://www.chess.com"]

[Event "Titled Tuesday Blitz March 22 Early 2022"]
[White "Jannatul, Ferdous"]
[Black "Buscar, Michael"]
[WhiteFideId "10212590"]
[BlackFideId "2603616"]
[WhiteElo "1707"]
[BlackElo "2010"]
[Result "0-1"]
[Round "03"]
[TimeControl "180+1"]
[Date "2022.03.22"]
[WhiteClock "0:00:03"]
[BlackClock "0:00:22"]

1. e4 c5 2. Nf3 e6 3. d4 cxd4 4. Nxd4 Nc6 5. Nc3 Qc7 6. Be2 a6 7. Be3 d6 8. O-O Nf6 9. h3 Be7 10. a3 O-O 11. Qd2 Ne5 12. f4 Nc4 13. Bxc4 Qxc4 14. Qd3 Qxd3 15. cxd3 Bd7 16. Rac1 Rfc8 17. e5 Nd5 18. Nxd5 exd5 19. Kf2 Rc5 20. exd6 Bxd6 21. b4 Rxc1 22. Rxc1 a5 23. b5 a4 24. Rc3 Rc8 25. Rxc8+ Bxc8 26. Nc2 Bd7 27. b6 Bb5 28. d4 f6 29. Bd2 Kf7 30. Nb4 Ke6 31. Ke3 h5 32. g4 h4 33. f5+ Kd7 34. Be1 Bf1 35. Bxh4 Bxb4 36. axb4 a3 37. Be1 a2 38. Bc3 Bxh3 39. Kf4 Kc6 40. g5 Kxb6 41. gxf6 gxf6 42. Ke3 Bxf5 43. Kd2 Kb5 44. Kc1 Kc4 45. Bb2 Kxb4 46. Kd2 Kb3 47. Ba1 b5 48. Bc3 Be4 49. Ba1 f5 50. Bc3 f4 51. Ba1 f3 52. Kd1 b4 53. Kd2 Kc4 54. Kd1 b3 55. Kd2 Kb5 56. Bb2 Kb4 57. Ke3 Kc4 58. Kd2 f2 59. Ke2 f1=Q+ 60. Kxf1 Kd3 61. Ke1 Kc2 62. Ba1 b2 63. Bxb2 Kxb2 64. Kd2 a1=Q 0-1


[Site "https://www.chess.com"]

[Event "Titled Tuesday Blitz March 22 Early 2022"]
[White "Jary, Sergey"]
[Black "Milanovic, Marko"]
[WhiteFideId "14110350"]
[BlackFideId "980129"]
[WhiteElo "2260"]
[BlackElo "2159"]
[Result "1/2-1/2"]
[Round "03"]
[TimeControl "180+1"]
[Date "2022.03.22"]
[WhiteClock "0:00:05"]
[BlackClock "0:00:05"]

1. e4 e5 2. Nf3 Nc6 3. d4 exd4 4. Bc4 Nf6 5. O-O Nxe4 6. Re1 d5 7. Bxd5 Qxd5 8. Nc3 Qd7 9. Nxe4 Be7 10. Bg5 O-O 11. Bxe7 Qxe7 12. Nxd4 Bd7 13. c3 Rad8 14. Nb5 a6 15. Na3 Be6 16. Qe2 Rfe8 17. h3 b5 18. Nc2 Bf5 19. f3 Qh4 20. Rad1 Rxd1 21. Qxd1 Rd8 22. Qe2 Be6 23. a4 Bc4 24. Qf2 Qxf2+ 25. Nxf2 Kf8 26. axb5 axb5 27. Ne3 Rd2 28. Nxc4 bxc4 29. Rb1 Ne5 30. Ne4 Rd8 31. b3 Rb8 32. b4 Nd3 33. Nd2 c5 34. Nxc4 cxb4 35. cxb4 Rxb4 36. Rxb4 Nxb4 37. Ne3 Nc6 1/2-1/2


[Site "https://www.chess.com"]

[Event "Titled Tuesday Blitz March 22 Early 2022"]
[White "Jeet, Jain"]
[Black "Gubanov, Oleg"]
[WhiteFideId "5073022"]
[BlackFideId "14115115"]
[WhiteElo "2085"]
[BlackElo "2080"]
[Result "0-1"]
[Round "03"]
[TimeControl "180+1"]
[Date "2022.03.22"]
[WhiteClock "0:00:06"]
[BlackClock "0:00:05"]

1. d4 b5 2. Nf3 Bb7 3. a4 b4 4. c4 bxc3 5. Nxc3 e6 6. Bf4 Nf6 7. Rc1 Na6 8. e3 Be7 9. Be2 Nh5 10. Be5 d6 11. Bg3 Nxg3 12. hxg3 Nb4 13. a5 a6 14. Qa4+ Nc6 15. d5 exd5 16. Nxd5 Qd7 17. Nxe7 Kxe7 18. Ng5 h6 19. Nh3 Ne5 20. Qh4+ g5 21. Nxg5 hxg5 22. Qxg5+ f6 23. Qg7+ Nf7 24. Bh5 Bd5 25. Qg6 Rag8 26. Qd3 Rg5 27. g4 Bxg2 28. Rh2 Bf3 29. Kd2 Ne5 30. Qxa6 Bxg4 31. Bxg4 Qxg4 32. Rxc7+ Ke6 33. Rxh8 Qb4+ 34. Kc2 Qa4+ 35. Kc3 Rg1 36. Re8+ Kf5 37. Rxe5+ fxe5 38. Rf7+ Kg6 39. Qd3+ Kxf7 40. Qd5+ Ke7 41. Qb7+ Ke6 42. Qc8+ Qd7 43. Qc4+ d5 44. Qa6+ Qd6 45. Qb7 d4+ 46. Kb3 Qd5+ 47. Qxd5+ Kxd5 48. exd4 exd4 49. Ka2 Rg6 50. b4 d3 51. Kb3 Kd4 52. b5 Rg5 53. Kb4 d2 0-1


[Site "https://www.chess.com"]

[Event "Titled Tuesday Blitz March 22 Early 2022"]
[White "Jobava, Baadur"]
[Black "Bryakin, Mikhail"]
[WhiteFideId "13601520"]
[BlackFideId "4165314"]
[WhiteElo "2617"]
[BlackElo "2417"]
[Result "0-1"]
[Round "03"]
[TimeControl "180+1"]
[Date "2022.03.22"]
[WhiteClock "0:01:44"]
[BlackClock "0:01:54"]

1. e4 c5 2. c3 Nf6 3. e5 Nd5 4. d4 cxd4 5. Qxd4 Nb6 6. Nf3 Nc6 7. Qf4 d5 8. exd6 Qxd6 9. Qxd6 exd6 10. Bd3 Bg4 11. Nbd2 Ne5 12. Be4 O-O-O 13. O-O f5 14. Bc2 Bxf3 15. Nxf3 Nxf3+ 16. gxf3 g6 17. a4 Be7 18. Rd1 Nc4 19. Kg2 Kc7 20. a5 a6 21. Ra4 Ne5 22. Be3 Rd7 23. Bb3 Bf6 24. Bb6+ Kb8 25. Be6 Re7 26. Bb3 Nd7 27. Be6 Rxe6 28. Kh1 Nxb6 29. Kg2 Nxa4 0-1


[Site "https://www.chess.com"]

[Event "Titled Tuesday Blitz March 22 Early 2022"]
[White "Johnson, Ben"]
[Black "Omelja, Artem"]
[WhiteFideId "2010917"]
[BlackFideId "14119846"]
[WhiteElo "2211"]
[BlackElo "2382"]
[Result "0-1"]
[Round "03"]
[TimeControl "180+1"]
[Date "2022.03.22"]
[WhiteClock "0:00:16"]
[BlackClock "0:00:05"]

1. Nf3 d5 2. e3 Nf6 3. c4 c6 4. Nc3 e6 5. b3 Nbd7 6. Bb2 Be7 7. Qc2 O-O 8. g4 Nxg4 9. Rg1 Nge5 10. Nxe5 Nxe5 11. O-O-O Bf6 12. cxd5 exd5 13. f4 Ng6 14. Bd3 Qe7 15. Ne2 Bd7 16. Ng3 Bg4 17. Rdf1 Rfc8 18. Bf5 Bxf5 19. Nxf5 Qe6 20. Nxg7 Bxg7 21. Bxg7 Kxg7 22. f5 Qe4 23. fxg6 Qxc2+ 24. Kxc2 fxg6 25. h4 Rf8 26. h5 Rxf1 27. Rxf1 gxh5 28. Rg1+ Kh6 29. Rf1 Rg8 30. Kd3 Rg7 31. Kd4 h4 32. Ke5 Kh5 33. Kf6 Rg6+ 34. Kf5 Rg2 35. d3 h3 36. Rh1 Kh4 37. e4 dxe4 38. dxe4 Kg3 39. e5 h2 40. e6 Rg1 41. Rxh2 Kxh2 42. e7 Re1 43. Kf6 h5 44. e8=Q Rxe8 0-1


[Site "https://www.chess.com"]

[Event "Titled Tuesday Blitz March 22 Early 2022"]
[White "Kalogridis, Antonios"]
[Black "Khripachenko, Alexander"]
[WhiteFideId "25833901"]
[BlackFideId "54184975"]
[WhiteElo "1495"]
[BlackElo "2177"]
[Result "0-1"]
[Round "03"]
[TimeControl "180+1"]
[Date "2022.03.22"]
[WhiteClock "0:00:01"]
[BlackClock "0:01:18"]

1. d4 Nf6 2. c4 g6 3. Nc3 d5 4. Nf3 Bg7 5. cxd5 Nxd5 6. g3 O-O 7. Bg2 c5 8. O-O cxd4 9. Nxd4 Nxc3 10. bxc3 Qc7 11. Qb3 Nd7 12. Ba3 Re8 13. Rab1 a6 14. Rfc1 e5 15. Nc2 Rb8 16. Ne3 b5 17. Nd5 Qd8 18. c4 b4 19. Bb2 Nc5 20. Qe3 Na4 21. c5 Bf5 22. c6 Qd6 23. c7 Rbc8 24. Qb3 Bxb1 25. Qxa4 Bf5 26. Rc6 Qd7 27. Nb6 Qd2 28. Nxc8 Qe1+ 29. Bf1 Rxc8 30. Rc1 Qd2 31. Qb3 Be6 0-1


[Site "https://www.chess.com"]

[Event "Titled Tuesday Blitz March 22 Early 2022"]
[White "Kanyamarala, Tarun"]
[Black "Chigaev, Maksim"]
[WhiteFideId "45004714"]
[BlackFideId "4108116"]
[WhiteElo "2075"]
[BlackElo "2502"]
[Result "0-1"]
[Round "03"]
[TimeControl "180+1"]
[Date "2022.03.22"]
[WhiteClock "0:00:20"]
[BlackClock "0:01:17"]

1. e4 c5 2. Nf3 Nc6 3. c3 Nf6 4. e5 Nd5 5. d4 cxd4 6. cxd4 d6 7. Bc4 Nb6 8. Bb5 Bd7 9. Nc3 e6 10. O-O a6 11. Bd3 d5 12. Be3 Be7 13. Qd2 Nb4 14. Be2 Nc4 15. Bxc4 dxc4 16. a3 Nd5 17. Nxd5 exd5 18. Bg5 O-O 19. Bxe7 Qxe7 20. Ne1 f6 21. Nc2 fxe5 22. dxe5 Qxe5 23. Nb4 d4 24. Rae1 Qc5 25. Re4 d3 26. Qc3 Rac8 27. b3 a5 28. Na2 Qxa3 29. bxc4 Qxa2 30. Re7 Rf7 31. Rxf7 Kxf7 32. Qxd3 Be6 33. Qf3+ Kg8 34. Qxb7 Qxc4 0-1


[Site "https://www.chess.com"]

[Event "Titled Tuesday Blitz March 22 Early 2022"]
[White "Kett, Tim"]
[Black "Iljin, Timofey"]
[WhiteFideId "1801210"]
[BlackFideId "14110180"]
[WhiteElo "2098"]
[BlackElo "2396"]
[Result "0-1"]
[Round "03"]
[TimeControl "180+1"]
[Date "2022.03.22"]
[WhiteClock "0:00:31"]
[BlackClock "0:00:35"]

1. e4 c5 2. Nf3 Nc6 3. d4 cxd4 4. Nxd4 e5 5. Nb5 d6 6. N1c3 a6 7. Na3 b5 8. Nd5 Nge7 9. Bg5 h6 10. Bxe7 Bxe7 11. c3 O-O 12. Nc2 Be6 13. Nxe7+ Qxe7 14. Ne3 Rab8 15. Be2 a5 16. O-O Rfc8 17. Bg4 b4 18. Nd5 Qg5 19. Bxe6 fxe6 20. f4 exf4 21. Nxf4 Qe5 22. Qg4 bxc3 23. bxc3 Re8 24. Nh5 Re7 25. Nf6+ Kh8 26. Qg6 gxf6 27. Rxf6 Rg8 28. Qxh6+ Rh7 29. Qf4 Qxc3 30. Rf1 Nd4 31. Qxd6 Ne2+ 32. Kh1 Ng3+ 33. Kg1 Qe3+ 34. R1f2 Qe1+ 35. Rf1 Nxf1 36. Rxf1 Qxe4 37. Kh1 Qxg2# 0-1


[Site "https://www.chess.com"]

[Event "Titled Tuesday Blitz March 22 Early 2022"]
[White "Khamdamova, Afruza"]
[Black "Bachmann, Axel"]
[WhiteFideId "14210444"]
[BlackFideId "3700488"]
[WhiteElo "1660"]
[BlackElo "2587"]
[Result "1-0"]
[Round "03"]
[TimeControl "180+1"]
[Date "2022.03.22"]
[WhiteClock "0:00:42"]
[BlackClock "0:00:16"]

1. e4 c5 2. Nf3 d6 3. d4 cxd4 4. Nxd4 Nf6 5. Nc3 a6 6. Bg5 Nbd7 7. f4 g6 8. Qf3 Bg7 9. O-O-O O-O 10. g4 Qc7 11. h4 b5 12. h5 Bb7 13. hxg6 hxg6 14. Qh3 Rfc8 15. Bh6 Bh8 16. Bf8 Kxf8 17. Qxh8+ Ng8 18. Rh7 Nf6 19. Qg7+ Ke8 20. Qxf7+ Kd8 21. Ne6+ Kd7 22. Nxc7 Nxh7 23. N3d5 Rxc7 24. Nxc7 Nhf6 25. Nxa8 Bxa8 26. e5 1-0


[Site "https://www.chess.com"]

[Event "Titled Tuesday Blitz March 22 Early 2022"]
[White "Kobalia, Mikhail"]
[Black "Andreikin, Dmitry"]
[WhiteFideId "4119150"]
[BlackFideId "4158814"]
[WhiteElo "2667"]
[BlackElo "2736"]
[Result "0-1"]
[Round "03"]
[TimeControl "180+1"]
[Date "2022.03.22"]
[WhiteClock "0:00:03"]
[BlackClock "0:00:19"]

1. e4 c5 2. Nf3 e6 3. d4 cxd4 4. Nxd4 a6 5. c4 Nf6 6. Nc3 Bb4 7. Qd3 Qc7 8. Be2 Nc6 9. O-O Nxd4 10. Qxd4 Bd6 11. h3 Be5 12. Qd3 O-O 13. f4 Bxc3 14. bxc3 d6 15. Ba3 Rd8 16. Rfd1 d5 17. e5 Ne4 18. cxd5 exd5 19. c4 Be6 20. cxd5 Bxd5 21. Rac1 Qb6+ 22. Qd4 Qxd4+ 23. Rxd4 Ng3 24. Bd1 Bxa2 25. Rxd8+ Rxd8 26. Bf3 h5 27. Rc7 Rd3 28. Be7 b5 29. Kf2 Nh1+ 30. Ke2 Bc4 31. Ke1 Rd4 32. f5 Ng3 33. f6 g5 34. Kf2 h4 35. Bg4 Rf4+ 36. Bf3 Nf5 37. Bb4 Nd4 38. Bd2 Rf5 39. Re7 Nxf3 40. gxf3 Bd5 41. Ke2 Bxf3+ 42. Ke3 Bd5 43. Rd7 Be6 44. Rd8+ Kh7 45. Bb4 Rxe5+ 46. Kd4 Rf5 0-1


[Site "https://www.chess.com"]

[Event "Titled Tuesday Blitz March 22 Early 2022"]
[White "Koellner, Ruben Gideon"]
[Black "Smirnov, Pavel"]
[WhiteFideId "12993093"]
[BlackFideId "4123425"]
[WhiteElo "2492"]
[BlackElo "2545"]
[Result "1-0"]
[Round "03"]
[TimeControl "180+1"]
[Date "2022.03.22"]
[WhiteClock "0:00:16"]
[BlackClock "0:00:21"]

1. d4 Nf6 2. Bg5 e6 3. Nd2 h6 4. Bh4 c5 5. e4 cxd4 6. e5 g5 7. Bg3 Nd5 8. h4 Nc6 9. hxg5 Qxg5 10. Ngf3 Qd8 11. Bc4 Nb6 12. Bd3 d5 13. a3 Bd7 14. Qe2 Na4 15. Rb1 Qb6 16. Nb3 Bxa3 17. Ng5 Bb4+ 18. Kf1 Nd8 19. Nh7 Be7 20. Rxh6 Nc6 21. Qh5 O-O-O 22. Qxf7 Nb4 23. Qxe7 Nxd3 24. cxd3 Qxb3 25. Rc1+ Kb8 26. Nf6 Bb5 27. Qc7+ Ka8 28. Rxh8 Rxh8 29. Qc8+ Rxc8 30. Rxc8# 1-0


[Site "https://www.chess.com"]

[Event "Titled Tuesday Blitz March 22 Early 2022"]
[White "Kornyukov, Alexey"]
[Black "Ladan, Nicholas"]
[WhiteFideId "4150457"]
[BlackFideId "30918855"]
[WhiteElo "2303"]
[BlackElo "2167"]
[Result "0-1"]
[Round "03"]
[TimeControl "180+1"]
[Date "2022.03.22"]
[WhiteClock "0:00:51"]
[BlackClock "0:01:08"]

1. e4 b6 2. d4 Bb7 3. Nc3 e6 4. Nf3 Bb4 5. d5 Nf6 6. dxe6 fxe6 7. Bg5 Bxe4 8. Qd4 Bxc3+ 9. bxc3 Bxf3 10. gxf3 Nc6 11. Qh4 Qe7 12. Be2 O-O-O 13. O-O-O h6 14. Bxf6 gxf6 15. Ba6+ Kb8 16. Qa4 Qc5 17. Rd2 Qxc3 18. Qb3 Qa1+ 19. Qb1 Qxb1+ 20. Kxb1 Rhg8 21. Rhd1 d6 22. Bb5 Kb7 23. Bc4 d5 24. Bd3 Rg2 25. Re1 e5 26. Bf5 Rxh2 27. Be6 Nd4 28. Bf7 Rd7 29. Be6 0-1


[Site "https://www.chess.com"]

[Event "Titled Tuesday Blitz March 22 Early 2022"]
[White "Kouskoutis, Georgios-Alexandros"]
[Black "Topalov, Aleksandar"]
[WhiteFideId "4234049"]
[BlackFideId "925659"]
[WhiteElo "2130"]
[BlackElo "2158"]
[Result "0-1"]
[Round "03"]
[TimeControl "180+1"]
[Date "2022.03.22"]
[WhiteClock "0:00:01"]
[BlackClock "0:00:56"]

1. c4 Nf6 2. g3 c5 3. Bg2 g6 4. Nc3 Bg7 5. e4 d6 6. Nge2 O-O 7. O-O Nc6 8. Rb1 a6 9. a4 e5 10. h3 Nd4 11. Nxd4 cxd4 12. Ne2 a5 13. d3 Nd7 14. Kh2 Nc5 15. b3 f5 16. Ba3 fxe4 17. dxe4 b6 18. Nc1 Bb7 19. f3 Bh6 20. Nd3 Qe7 21. Bc1 Bxc1 22. Rxc1 Bc6 23. h4 Rf7 24. Nxc5 bxc5 25. Qd3 Rb8 26. Rf2 Qb7 27. Rb1 Bxe4 28. Qf1 Bxb1 29. Qxb1 Qxb3 30. Qe1 Qc3 31. Qe2 d3 32. Qa2 Qd4 33. Rd2 Rfb7 34. Qa3 Rb3 35. Qc1 Rb2 36. h5 Rb1 37. Qa3 R8b3 38. Qa2 R1b2 39. Rxb2 Rxb2 40. Qa3 Qf2 0-1


[Site "https://www.chess.com"]

[Event "Titled Tuesday Blitz March 22 Early 2022"]
[White "Kozak, Adam"]
[Black "Sailer, Mike"]
[WhiteFideId "753246"]
[BlackFideId "2012901"]
[WhiteElo "2459"]
[BlackElo "2109"]
[Result "1-0"]
[Round "03"]
[TimeControl "180+1"]
[Date "2022.03.22"]
[WhiteClock "0:00:24"]
[BlackClock "0:00:03"]

1. d4 d5 2. c4 Bf5 3. cxd5 Bxb1 4. Rxb1 Qxd5 5. b3 Nc6 6. Nf3 O-O-O 7. e3 e5 8. Bc4 Bb4+ 9. Bd2 Bxd2+ 10. Qxd2 Qe4 11. O-O exd4 12. exd4 Nxd4 13. Nxd4 Rxd4 14. Qa5 Kb8 15. Rbe1 Qh4 16. g3 Qd8 17. Bxf7 Nh6 18. Bh5 Rf8 19. Qc3 g6 20. Be2 Nf5 21. Qc1 h5 22. Bf3 h4 23. Bg2 hxg3 24. hxg3 Rd2 25. Rd1 Rxd1 26. Rxd1 Qf6 27. Qd2 Nd6 28. Re1 g5 29. a4 Rh8 30. a5 a6 31. b4 Qh6 32. Qd5 Qh2+ 33. Kf1 Rf8 34. Re3 Qh7 35. Re1 Qc2 36. Qc5 Qd2 37. b5 axb5 38. a6 bxa6 39. Ra1 Qd3+ 40. Kg1 Qc4 41. Rxa6 Qxc5 42. Ra8# 1-0


[Site "https://www.chess.com"]

[Event "Titled Tuesday Blitz March 22 Early 2022"]
[White "Kozak, Antoni"]
[Black "Babazada, Khazar"]
[WhiteFideId "21832030"]
[BlackFideId "13413554"]
[WhiteElo "2236"]
[BlackElo "2418"]
[Result "0-1"]
[Round "03"]
[TimeControl "180+1"]
[Date "2022.03.22"]
[WhiteClock "0:00:09"]
[BlackClock "0:00:32"]

1. e4 Nf6 2. e5 Nd5 3. Nf3 d6 4. d4 Nb6 5. h3 g6 6. Bd3 Bg7 7. O-O O-O 8. Bf4 Nc6 9. c3 Be6 10. Re1 dxe5 11. Nxe5 Nxe5 12. Bxe5 Bxe5 13. Rxe5 Qd6 14. Nd2 Nd7 15. Re3 c5 16. Ne4 Qb6 17. Nxc5 Nxc5 18. dxc5 Qxc5 19. Be4 Rad8 20. Rd3 Qb6 21. b3 Rxd3 22. Qxd3 Rd8 23. Qf3 Qa5 24. c4 b6 25. a4 Qb4 26. Rd1 Rxd1+ 27. Qxd1 Qc3 28. Bf3 Kg7 29. h4 h5 30. g3 Bf5 31. Kg2 e6 32. Qd7 a5 33. Qb5 Bh3+ 34. Kxh3 Qxf3 35. Qe5+ Kh7 36. Qe1 Qxb3 37. c5 bxc5 38. Qxa5 c4 39. Qc7 Qf3 40. Kh2 Qxf2+ 41. Kh3 Qf3 42. Kh2 c3 43. a5 Qf2+ 44. Kh3 c2 45. a6 Qf1+ 46. Kh2 c1=Q 0-1


[Site "https://www.chess.com"]

[Event "Titled Tuesday Blitz March 22 Early 2022"]
[White "Krishnan, Varun"]
[Black "Neiksans, Arturs"]
[WhiteFideId "5054508"]
[BlackFideId "11601388"]
[WhiteElo "2612"]
[BlackElo "2447"]
[Result "0-1"]
[Round "03"]
[TimeControl "180+1"]
[Date "2022.03.22"]
[WhiteClock "0:00:01"]
[BlackClock "0:00:15"]

1. e4 c5 2. Nf3 e6 3. d4 cxd4 4. Nxd4 a6 5. Be2 Nf6 6. Nc3 Qc7 7. O-O Bb4 8. Be3 Bxc3 9. bxc3 Nxe4 10. Bd3 Nf6 11. Qf3 d5 12. Bf4 Qd8 13. Rfe1 Nbd7 14. Nf5 O-O 15. Nd6 Nc5 16. Be5 Nxd3 17. cxd3 Nd7 18. d4 f6 19. Bg3 Nb6 20. Qe2 Kh8 21. Rab1 Nc4 22. Nxc4 dxc4 23. Qxc4 b5 24. Qc5 Bb7 25. Rxe6 Rc8 26. Qd6 Rxc3 27. Rbe1 h6 28. h3 Qxd6 29. Bxd6 Rf7 30. Re8+ Kh7 31. R8e7 Rxe7 32. Rxe7 Bd5 33. a3 Rc6 34. Bc5 Kg8 35. Re1 a5 36. f3 Rc7 37. Kf2 Rb7 38. Re7 Rb8 39. Ra7 b4 40. axb4 axb4 41. Ra1 b3 42. Rb1 Kf7 43. Rb2 Bc4 44. Ke3 Re8+ 45. Kd2 Bd5 46. Kc3 Re1 47. Kd2 Ra1 48. Kc3 h5 49. Kd2 h4 50. Kc3 g5 51. Kd2 Kg6 52. Kc3 f5 53. Kd2 g4 54. fxg4 fxg4 55. Ke3 g3 56. Be7 Re1+ 57. Kf4 Rxe7 0-1


[Site "https://www.chess.com"]

[Event "Titled Tuesday Blitz March 22 Early 2022"]
[White "Krzywda, Andrzej"]
[Black "Fawole, John Oyeyemi"]
[WhiteFideId "1114565"]
[BlackFideId "8501319"]
[WhiteElo "2098"]
[BlackElo "2091"]
[Result "1-0"]
[Round "03"]
[TimeControl "180+1"]
[Date "2022.03.22"]
[WhiteClock "0:00:16"]
[BlackClock "0:00:01"]

1. Nf3 Nf6 2. c4 c5 3. g3 Nc6 4. Bg2 d5 5. cxd5 Nxd5 6. Nc3 Nc7 7. O-O e5 8. d3 Be7 9. Nd2 O-O 10. Bxc6 bxc6 11. Nc4 f6 12. b3 Bh3 13. Re1 Nd5 14. Bb2 a5 15. Na4 Qc7 16. Rc1 Rfb8 17. Ne3 Qa7 18. Nxd5 cxd5 19. Ba3 Rc8 20. e4 dxe4 21. dxe4 Be6 22. Qe2 Rab8 23. Nb2 Qb7 24. Nc4 Qa6 25. Ne3 Qa7 26. Red1 a4 27. Nd5 Bf8 28. bxa4 Qxa4 29. Qe3 Ra8 30. Rd3 Ra6 31. Rdc3 Rca8 32. Bxc5 Bxc5 33. Rxc5 Qxa2 34. Nc7 Ra3 35. R5c3 1-0


[Site "https://www.chess.com"]

[Event "Titled Tuesday Blitz March 22 Early 2022"]
[White "Kubicka, Anna"]
[Black "Grandelius, Nils"]
[WhiteFideId "1152254"]
[BlackFideId "1710400"]
[WhiteElo "2000"]
[BlackElo "2617"]
[Result "0-1"]
[Round "03"]
[TimeControl "180+1"]
[Date "2022.03.22"]
[WhiteClock "0:00:10"]
[BlackClock "0:00:06"]

1. e4 c6 2. Nc3 d5 3. Nf3 dxe4 4. Nxe4 Nf6 5. Nxf6+ exf6 6. d4 Bd6 7. Be3 O-O 8. Bd3 Re8 9. O-O Bg4 10. h3 Bh5 11. Be2 Nd7 12. c4 Rc8 13. Re1 Nf8 14. Qb3 Qd7 15. Rad1 Bb8 16. d5 c5 17. Nd2 Bg6 18. Nf1 b6 19. Bg4 Bf5 20. Bxf5 Qxf5 21. Bc1 Ng6 22. Qa4 Red8 23. Qa3 Ne5 24. Ne3 Qg6 25. Kf1 h5 26. Qc3 Nd7 27. Qc2 Qxc2 28. Nxc2 Ne5 29. b3 g6 30. Bb2 Bd6 31. Na3 a6 32. Nb1 b5 33. Nd2 bxc4 34. Nxc4 Nxc4 35. bxc4 f5 36. Bc3 Rd7 37. Rb1 Kh7 38. Rb6 Ra8 39. Reb1 Re8 40. Rxa6 Re4 41. Ra4 g5 42. Re1 Kg6 43. Rxe4 fxe4 44. Ra6 Kf5 45. Ke2 Be5 46. Bxe5 Kxe5 47. Rc6 Kd4 48. a4 Rb7 49. d6 Rb2+ 50. Ke1 Kd3 51. f3 e3 0-1


[Site "https://www.chess.com"]

[Event "Titled Tuesday Blitz March 22 Early 2022"]
[White "Kupervaser, Erez"]
[Black "Weetik, Vjacheslav"]
[WhiteFideId "2814587"]
[BlackFideId "4153472"]
[WhiteElo "1763"]
[BlackElo "2469"]
[Result "0-1"]
[Round "03"]
[TimeControl "180+1"]
[Date "2022.03.22"]
[WhiteClock "0:00:04"]
[BlackClock "0:00:14"]

1. e4 c6 2. d4 d5 3. e5 Bf5 4. Nc3 e6 5. g4 Bg6 6. Nge2 c5 7. h4 h5 8. Nf4 Bh7 9. Nxh5 Nc6 10. Bb5 Qc7 11. Be3 O-O-O 12. Bxc6 bxc6 13. f4 cxd4 14. Qxd4 c5 15. Qa4 Qb7 16. O-O-O d4 17. Nb5 a6 18. Na3 Ne7 19. Bd2 Nd5 20. Nc4 Qb5 21. Qxb5 axb5 22. Na3 c4 23. Nxb5 Bc5 24. Be1 Ne3 25. Rd2 Nxg4 26. Rg1 Bf5 27. Nxg7 c3 28. bxc3 dxc3 29. Rxd8+ Rxd8 30. Nxf5 exf5 31. Rg3 Be3+ 32. Rxe3 Nxe3 33. Bxc3 Rd1+ 34. Kb2 Kd7 35. Nd6 Ke6 36. a4 Nd5 37. a5 Rg1 38. Kb3 Rg8 39. Kc4 Nxf4 40. Bd2 Nd5 41. a6 f4 42. Kb5 f3 43. Kc6 f2 44. Kb7 f1=Q 45. a7 Qb1+ 0-1


[Site "https://www.chess.com"]

[Event "Titled Tuesday Blitz March 22 Early 2022"]
[White "Lakshmi C"]
[Black "Tristan, Leonardo"]
[WhiteFideId "25035347"]
[BlackFideId "113816"]
[WhiteElo "1775"]
[BlackElo "2404"]
[Result "0-1"]
[Round "03"]
[TimeControl "180+1"]
[Date "2022.03.22"]
[WhiteClock "0:00:13"]
[BlackClock "0:01:19"]

1. e4 d5 2. exd5 Qxd5 3. Nc3 Qa5 4. d4 Nf6 5. Nf3 Bf5 6. Bc4 e6 7. O-O Bb4 8. Bd2 Nc6 9. a3 Bxc3 10. Bxc3 Qb6 11. d5 O-O-O 12. Nd4 Nxd5 13. Nxf5 Nxc3 14. Qf3 Qxb2 15. Ba6 Rd5 16. Ne3 bxa6 17. Nxd5 Nxd5 18. Qxf7 Qf6 19. Qh5 Nd4 20. Qd1 Rd8 21. Qd3 e5 22. c3 Nf4 23. Qc4 Qc6 24. Qb4 Qxg2# 0-1


[Site "https://www.chess.com"]

[Event "Titled Tuesday Blitz March 22 Early 2022"]
[White "Lauridsen, Jesper Morch"]
[Black "Reprintsev, Alexander"]
[WhiteFideId "1401890"]
[BlackFideId "14100541"]
[WhiteElo "2240"]
[BlackElo "2108"]
[Result "0-1"]
[Round "03"]
[TimeControl "180+1"]
[Date "2022.03.22"]
[WhiteClock "0:00:10"]
[BlackClock "0:00:43"]

1. e4 d5 2. exd5 Qxd5 3. Nf3 Bg4 4. Be2 Nc6 5. d4 O-O-O 6. Be3 e5 7. c4 Qa5+ 8. Bd2 Qa6 9. d5 Bxf3 10. Bxf3 Nd4 11. Be2 Nf6 12. O-O Nxe2+ 13. Qxe2 Rxd5 14. Nc3 Rd7 15. Rad1 Bb4 16. Qxe5 Qxc4 17. Bg5 Re8 18. Qf5 Qe6 19. Qxe6 Rxe6 20. Bxf6 gxf6 21. Nd5 Red6 22. Ne3 Rxd1 23. Rxd1 Rxd1+ 24. Nxd1 Kd7 25. g4 Bc5 26. Nc3 Bd4 27. Nd1 Ke6 28. Kg2 Kd5 29. Kf3 c5 30. Kf4 b5 31. Kf5 c4 32. Nc3+ Bxc3 33. bxc3 b4 34. Kf4 b3 0-1


[Site "https://www.chess.com"]